 Dungeon Crawl Stone Soup version 0.29-a0-648-g6b26cc9f40 (webtiles) character file.

Game seed: 13988019449414919140

27 Vylera the Shooter (level 3, 25/25 HPs)
             Began as a Djinni Wanderer on June 21, 2022.
             Was a Follower of Trog.
             Quit the game on level 1 of the Dungeon.
             The game lasted 00:02:27 (651 turns).

Vylera the Shooter (Djinni Wanderer)                 Turns: 651, Time: 00:02:27

Health: 25/25      AC:  2    Str: 13    XL:     3   Next: 25%
Gold:   56         EV: 11    Int: 14    God:    Trog [*.....] SH:  0 Dex: 11

rFire   + + .      SeeInvis .   a - +2 shortbow
rCold   x . .      Faith    .   (shield currently unavailable)
rNeg    . . .      Spirit   .   d - +0 robe
rPois   ∞          Reflect  .   (no helmet)
rElec   .          Harm     .   (no cloak)
rCorr   .          Rampage  .   (no gloves)
Will    .....                   (boots unavailable)
Stlth   +.........              (no amulet)
HPRegen 0.08/turn               (no ring)
MPRegen 0.00/turn               (no ring)

@: flying
A: sickness immunity, fire resistance 2, cold vulnerability 1, float, innate
caster, HP casting, extra vitality 1
a: Renounce Religion, Berserk


You were on level 1 of the Dungeon.
You worshipped Trog.
Trog was aware of your devotion.
You visited 1 branch of the dungeon, and saw 1 of its levels.

You collected 56 gold pieces.

Inventory:

Hand Weapons
 a - a +2 shortbow (weapon)
Armour
 d - a +0 robe (worn)
Magical Staves
 l - a staff of air
Wands
 b - a wand of polymorph (3)
Scrolls
 c - a scroll of blinking
 j - a scroll of teleportation {unknown}
 k - 2 scrolls of noise {unknown}
Potions
 e - a potion of degeneration {unknown}
 f - a potion of heal wounds {unknown}
 g - 3 potions of cancellation {unknown}
 h - a potion of attraction {unknown}
 i - a potion of curing {unknown}
 m - a potion of resistance {unknown}


   Skills:
 + Level 3.7 Bows
 - Level 1.1 Dodging
 - Level 2.2 Spellcasting
 - Level 1.0 Invocations
 - Level 2.0 Evocations


You had one spell level left.
You knew the following spells:

 Your Spells              Type           Power      Damage    Failure   Level
a - Beastly Appendage     Tmut           14%        N/A       10%         1
b - Spider Form           Tmut/Pois      7%         N/A       28%         3
c - Sting                 Tmut/Pois      28%        1d4       10%         1

Your spell library contained the following spells:

 Spells                   Type           Power      Damage    Failure   Level


Dungeon Overview and Level Annotations

Branches:
Dungeon (1/15)

Altars:
Trog
Beogh


Innate Abilities, Weirdness & Mutations

You are immune to sickness and miasma.
You are immune to poison.
Your flesh is very heat resistant. (rF++)
You are vulnerable to cold. (rC-)
You float through the air rather than walking.
You learn spells naturally, not from books.
Your magical power is your life essence.
You have superior vitality. (+4 MHP)


Message History

The dart slug launches a dart at you. The slug dart hits you.
You shoot an arrow. The arrow hits the dart slug.
You kill the dart slug!
You shoot an arrow.
The arrow hits the giant cockroach but does no damage.
You shoot an arrow. The arrow hits the giant cockroach.
You kill the giant cockroach!
There is a roughly hewn altar of Beogh here.
You now have 56 gold pieces (gained 10).
As you open the door, it creaks loudly!
Found an elf skeleton.
You see here a giant cockroach corpse.
You reach down and open the door.
Found an ogre skeleton.
You see here a giant cockroach corpse.
There is a roughly hewn altar of Beogh here.
You reach down and open the door.
Found a stone.
Found a faded altar of an unknown god.
You see here a giant cockroach corpse.
Things that are here:
a +0 short sword; 2 stones A kobold comes into view.
It is wielding a +0 short sword.
(D) Dungeon
Where to? (? - help)
Okay, then.
The kobold shouts!
You shoot an arrow. The arrow closely misses the kobold.
You shoot an arrow. The arrow hits the kobold!
You kill the kobold!
Search for what [? for help]? altar You see here 5 stones.
There is an open door here.
There is a faded altar of an unknown god here.
You see here a stone.
You cannot tell which god this altar belongs to.
Convert to them anyway?
Trog accepts your prayer! Trog welcomes you!
You can now go berserk at will.
Are you sure you want to abandon this character and quit the game? (Confirm with "yes".)

#......### ##....⌠...#
##.........# ##..##.....##
#..##.......## ###.##.........##
## #...#....§§.....# #.
#######.###...§#≈#....###.
#.......#@'...§≈_≈..†.'÷#.
#.......###...§#≈#†...###.
#.........#.[.........#... #
###.........##.........##...
######......[(....##.......###...
.......#..........#####'####..#..
.#######..........# #÷# #.[.##.
..# ############ ### #...### #.#
##..## #


There were no monsters in sight!

Vanquished Creatures
  3 dart slugs (D:1)
  4 giant cockroaches (D:1)
  3 goblins (D:1)
  2 hobgoblins (D:1)
  A quokka (D:1)
  2 frilled lizards (D:1)
  3 kobolds (D:1)
  A rat (D:1)
19 creatures vanquished.

Notes
Turn   | Place    | Note
-------+----------+-------------------------------------------
     0 | D:1      | Vylera the Djinni Wanderer began the quest for the Orb.
     0 | D:1      | Vylera set off with the following items: a +2 shortbow, a
                  | wand of polymorph (3), a scroll of blinking, a +0 robethe
                  | following spells memorised: Beastly Appendage, Spider Form.
     0 | D:1      | Reached XP level 1. HP: 15/15 MP: 0/0
   131 | D:1      | Reached XP level 2. HP: 21/21 MP: 0/0
   380 | D:1      | Reached XP level 3. HP: 15/25 MP: 0/0
   380 | D:1      | Learned a level 1 spell: Sting
   536 | D:1      | Found a faded altar of an unknown god.
   650 | D:1      | Prayed at the altar of an unknown god.
   650 | D:1      | Became a worshipper of Trog the Wrathful
   650 | D:1      | Reached * piety under Trog
   651 | D:1      | Quit the game

Illustrated notes

Levels and vault maps discovered:
D:1:      scummos_arrival_forest, layout_rooms,
          hellmonk_ecumenical_altar_defaced_shrine

Skill      XL: |  1  2 |
---------------+-------+-----
Spellcasting   | 2 |  2.2
Bows           | |  3.7
Dodging        | |  1.1
Invocations    | |  1.0
Evocations     | |  2.0

Action                   || total
-------------------------++-------
 Fire: Shortbow          ||    47
Armor: Robe              ||     1
Dodge: Dodged            ||     8

Table legend: (Time is in decaauts)
 A = Elapsed time spent in this place.
 B = Non-inter-level travel time spent in this place.
 C = Inter-level travel time spent in this place.
 D = Time resting spent in this place.
 E = Time spent auto-exploring this place.
 F = Levels seen in this place.
 G = Mean time per level.
                   A        B        C        D        E       F      G
               +--------+--------+--------+--------+--------+-----+--------+
         Total |    666 |    612 |     54 |      0 |    497 |   1 |  666.0 |
       Dungeon |    666 |    612 |     54 |      0 |    497 |   1 |  666.0 |
               +--------+--------+--------+--------+--------+-----+--------+

Top non-repeatable levels by time:
     D:1: 666 daAuts
